 Dungeon Crawl Stone Soup version 0.25-a0-1073-gf4359a17dd (webtiles) character file.

Game seed: 2103905857712311551, levelgen mode: deterministic

47 kae the Chiller (level 3, -1/24 HPs)
             Began as a Merfolk Ice Elementalist on May 14, 2020.
             Slain by Natasha (6 damage)
             ... on level 2 of the Dungeon.
             The game lasted 00:01:19 (891 turns).

kae the Chiller (Merfolk Ice Elementalist)           Turns: 891, Time: 00:01:19

Health: -1/24      AC:  2    Str:  9    XL:     3   Next: 70%
Magic:  0/6        EV: 13    Int: 14    God:
Gold:   58         SH:  0    Dex: 14    Spells: 6/7 levels left

rFire    . . .     SeeInvis .   e - +0 short sword
rCold    . . .     Gourm    .   (no shield)
rNeg     . . .     Faith    .   a - +0 robe
rPois    .         Spirit   .   (no helmet)
rElec    .         Reflect  .   (no cloak)
rCorr    .         Harm     .   (no gloves)
MR       .....                  (no boots)
Stlth    ++........             (no amulet)
HPRegen  0.08/turn              (no ring)
MPRegen  0.10/turn              (no ring)

@: no status effects
A: change form in water, swift swim, stealthy swim
a: no special abilities


You were on level 2 of the Dungeon.
You were not hungry.

You visited 1 branch of the dungeon, and saw 2 of its levels.

You collected 58 gold pieces.

Inventory:

Hand Weapons
 e - a +0 short sword (weapon)
Armour
 a - a +0 robe (worn)
Jewellery
 i - a +6 ring of intelligence {unknown}
Scrolls
 b - a scroll of teleportation {unknown}
 f - a scroll of enchant weapon {unknown}
 h - a scroll of identify {unknown}
Potions
 d - a potion of haste {unknown}
Comestibles
 c - 3 rations


   Skills:
 - Level 2.6 Dodging
 - Level 2.1 Stealth
 + Level 2.6 Spellcasting
 * Level 5.4 Ice Magic


You had 6 spell levels left.
You knew the following spells:

 Your Spells              Type           Power        Failure   Level  Hunger
a - Freeze                Ice            ###.         2%          1    #......

Your spell library contained the following spells:

 Spells                   Type           Power        Failure   Level  Hunger
 Frozen Ramparts          Ice            ###...       7%          3    ###....
 Ozocubu's Armour         Chrm/Ice       #.......     22%         3    ###....
 Hailstorm                Conj/Ice       #.......     58%         4    #####..
 Summon Ice Beast         Ice/Summ       #.......     58%         4    #####..


Dungeon Overview and Level Annotations

Branches:
Dungeon (2/15)

Altars:

Annotations:
D:2 Natasha


Message History

The magic dart hits you! Natasha barely misses you.
You closely miss Natasha. Natasha barely misses you.
Casting: Freeze (safe; 2% risk of failure)
Confirm with . or Enter, or press ? or * to list all spells.
Aiming: Freeze (safe; 2% risk of failure)
Press: ? - help, Shift-Dir - straight line, f - Natasha
Aim: Natasha You freeze Natasha.
Natasha is lightly wounded.
Natasha claws you!
* * * LOW HITPOINT WARNING * * *
Casting: Freeze (safe; 2% risk of failure)
Confirm with . or Enter, or press ? or * to list all spells.
Aiming: Freeze (safe; 2% risk of failure)
Press: ? - help, Shift-Dir - straight line, f/p - Natasha
Aim: Natasha (lightly wounded)
You freeze Natasha!
Natasha is severely wounded.
Natasha claws you.
You die...

########...###########
.....^................
########...#######....
####### ##### ####....
#.?...# #....... #.....#
#######.......
###.....#####.............
........h.................
###.....#@.........#'###.#
#######.....######..##.#
#.....# ##.##)# #.....#
#..#.. #.....# ##.###
#.....# #.รท#. #######
##.'. #.#. ##### #...


You could see Natasha.

Vanquished Creatures
  An adder (D:2)
  An ooze (D:2)
  A dart slug (D:2)
  A leopard gecko (D:1)
  A giant cockroach (D:2)
  7 goblins (D:2)
  2 hobgoblins
  4 jackals (D:2)
  4 bats
  2 frilled lizards
  2 kobolds (D:2)
  2 rats
28 creatures vanquished.

Notes
Turn   | Place    | Note
-------+----------+-------------------------------------------
     0 | D:1      | kae the Merfolk Ice Elementalist began the quest for the
                  | Orb.
     0 | D:1      | Reached XP level 1. HP: 13/13 MP: 3/3
   337 | D:2      | Reached XP level 2. HP: 15/19 MP: 1/5
   463 | D:2      | Reached skill level 5 in Ice Magic
   463 | D:2      | Reached XP level 3. HP: 24/24 MP: 0/6
   881 | D:2      | Noticed Natasha
   891 | D:2      | Slain by Natasha

Illustrated notes

Levels and vault maps discovered:
D:1:      dpeg_arrival_lava_altar, layout_loops_ring, kennysheep_doodads,
          minmay_statues_item, minivault_14
D:2:      layout_basic, minmay_unequal, uniq_natasha

Skill      XL: |  1  2 |
---------------+-------+-----
Ice Magic      | 5 |  5.4
Dodging        | |  2.6
Stealth        | |  2.1
Spellcasting   | |  2.6

Action                   || total
-------------------------++-------
Melee: Unarmed           ||     2
       Short sword       ||    19
 Cast: Freeze            ||    34
 Stab: Sleeping          ||     5
Armor: Robe              ||     7
Dodge: Dodged            ||    29

Table legend:
 A = Non-vault XP
 B = Vault XP
 C = Vault XP percentage of total XP
 D = Non-vault monster count
 E = Vault monster count
 F = Vault count percentage of total count
                 A         B        C        D         E       F
            +---------+---------+-------+---------+---------+-------
      Total |      68 |       0 |   0.0 |      28 |       0 |   0.0
            +---------+---------+-------+---------+---------+-------
        D:1 |       8 |       0 |   0.0 |       5 |       0 |   0.0
        D:2 |      60 |       0 |   0.0 |      23 |       0 |   0.0
            +---------+---------+-------+---------+---------+-------
